cohdb
Replays
Latest Replays
All Replays
Popular Replays
Top Player Replays
Match Explorer
How It Works
Community
CoH3 Stats
Reddit
Sign in to upload your games and track your stats! →
Sign in with Steam
Match 41769782
Unlisted
Match 41769782
Overview
Messages
Build Orders
End
Construct Section Command Post
Infantry Section
Infantry Section
Infantry Section
Construct Platoon Command Post
Selects Indian Artillery Battlegroup
Selects Artillery Saturation
6-pounder Anti-tank Gun Team
Vickers Machine Gun Team
Infantry Section
Construct Company Command Post
Grenade Package
Selects Off-map Airburst Barrage
Selects BL5.5 Artillery Emplacement
Crusader II Medium Tank
Armored Vehicle Training
Off-map Airburst Barrage
Off-map Airburst Barrage
Unlock M3 Grant Medium Tanks
M3 Grant Medium Tank
Off-map Airburst Barrage
Royal Engineer Section
M3 Grant Medium Tank
Selects Valour
Selects Gurkha Rifles Section
M3 Grant Medium Tank
M3 Grant Medium Tank
Tizmitce
MiniMarko
IronPixie
PSPSPSPS 〈=^ェ^=〉
Imperiale
SchnellSchuh5000
PIGEONS ARE FBI DRONES
Bananenratte
0
0
Comments
sign in to comment!
No comments posted yet!